 Dungeon Crawl Stone Soup version 0.30.1-1-g62c8e00024 (webtiles) character file.

Game seed: 11073495849599389934

1229 H0rd4k the Sneak (level 8, -3/50 HPs)
             Began as an Octopode Artificer on July 17, 2023.
             Was an Initiate of Gozag.
             Slain by an orc
             ... wielding a +4 short sword
              (5 damage)
             ... on level 7 of the Dungeon.
             The game lasted 00:08:00 (5602 turns).

H0rd4k the Sneak (Octopode Artificer)               Turns: 5602, Time: 00:08:01

Health: -3/50      AC:  5    Str: 12    XL:     8   Next: 48%
Magic:  9/9        EV: 14    Int: 15    God:    Gozag
Gold:   410        SH:  0    Dex: 12    Spells: 9/9 levels left

rFire   . .          .
                       - Unarmed
rCold   . . .        (no shield)
rNeg    . . .        (helmet restricted)
rPois   .            (no amulet)
rElec   .            o - +4 ring of protection
rCorr   .            (no ring)
SInv    .            (no ring)
Will    .....        (no ring)
Stlth   ++++         (no ring)
HPRegen 0.28/turn    (no ring)
MPRegen 0.11/turn    (no ring)
                     (no ring)

%: no passive effects
@: no status effects
A: almost no armour, amphibious, 8 rings, camouflage 1, gelatinous body 1,
(nimble swimmer 1), tentacles
a: Renounce Religion, Potion Petition, Call Merchant, Bribe Branch


You were on level 7 of the Dungeon.
You worshipped Gozag.
Gozag was aware of your devotion.
You visited 2 branches of the dungeon, and saw 8 of its levels.

You collected 502 gold pieces.
You paid 92 gold pieces to Gozag.

Inventory:

Missiles
 g - 4 poisoned darts
 y - a throwing net
Magical Staves
 j - a staff of air
 k - a staff of cold
Jewellery
 o - a +4 ring of protection (left tentacle)
Wands
 b - a wand of flame (1) (quivered)
 c - a wand of charming (5)
 E - a wand of quicksilver (5)
Scrolls
 d - 3 scrolls of noise
 e - 2 scrolls of silence {unknown}
 f - 2 scrolls of magic mapping {unknown}
 m - 2 scrolls of poison {unknown}
 n - 3 scrolls of blinking {unknown}
 q - 3 scrolls of teleportation
 r - a scroll of immolation {unknown}
 s - 4 scrolls of identify {unknown}
 u - 2 scrolls of enchant armour {unknown}
 x - a scroll of enchant weapon {unknown}
 z - 2 scrolls of summoning {unknown}
 D - 2 scrolls of fog {unknown}
 F - a scroll of amnesia {unknown}
Potions
 a - 2 potions of resistance {unknown}
 h - a potion of degeneration {unknown}
 i - 2 potions of flight {unknown}
 l - 2 potions of mutation {unknown}
 p - 3 potions of heal wounds {unknown}
 t - a potion of haste
 v - a potion of lignification {unknown}
 w - a potion of attraction {unknown}
 A - 3 potions of curing {unknown}
 B - 2 potions of magic {unknown}
 C - a potion of brilliance {unknown}


   Skills:
 + Level 2.1 Fighting
 + Level 4.2 Dodging
 + Level 7.5 Stealth
 + Level 6.0 Unarmed Combat
 * Level 1.2 Spellcasting
 + Level 4.9 Evocations


You had 9 spell levels left.
You didn't know any spells.
Your spell library contained the following spells:

 Spells                   Type           Power      Damage    Failure   Level
 Summon Small Mammal      Summ           0%         N/A       24%         1
 Call Canine Familiar     Summ           0%         N/A       58%         3
 Gell's Gravitas          Tloc           0%         N/A       58%         3
 Portal Projectile        Hex/Tloc       0%         N/A       58%         3
 Summon Guardian Golem    Hex/Summ       0%         N/A       58%         3
 Teleport Other           Tloc           0%         N/A       58%         3
 Tukima's Dance           Hex            0%         N/A       58%         3
 Blade Hands              Tmut           0%         N/A       100%        5
 Summon Forest            Summ/Tloc      0%         N/A       100%        5
 Summon Mana Viper        Hex/Summ       0%         N/A       100%        5
 Dispersal                Tloc           0%         N/A       100%        6
 Summon Cactus Giant      Summ           0%         N/A       100%        6


Dungeon Overview and Level Annotations

Branches:
Dungeon (7/15)             Temple (1/1) D:5

Altars:
Ashenzari
Cheibriados
Dithmenos
Elyvilon
Fedhas
Gozag
Hepliaklqana
Kikubaaqudgha
Makhleb
Nemelex Xobeh
Okawaru
Qazlal
Ru
Sif Muna
Uskayaw
Wu Jian
Xom
Zin
The Shining One

Shops:
D:6 !

Annotations:
D:7 exclusions: upstairs and 2 yaks


Innate Abilities, Weirdness & Mutations

You cannot wear most types of armour.
You are amphibious.
You can wear up to eight rings at the same time.
Your skin changes colour to match your surroundings (Stealth+).
Your rubbery body absorbs attacks. (AC +1, EV +1)
((You are camouflaged when in or above water. (Stealth+)))
You have tentacles for arms and can constrict up to eight enemies at once.


Message History

You tentacle-slap something but do no damage.
Your squeeze misses something. Something hits you.
You tentacle-slap something but do no damage.
Something hits you.
* * * LOW HITPOINT WARNING * * *
You tentacle-slap something but do no damage.
Something hits you.
* * * LOW HITPOINT WARNING * * *
You tentacle-slap something but do no damage.
Your squeeze misses something. Something hits you.
* * * LOW HITPOINT WARNING * * *
Aiming: Quicksilver Bolt
Press: ? - help, Shift-Dir - straight line Something hits you.
* * * LOW HITPOINT WARNING * * *
Unknown command.
Aiming: Throw Flame
Press: ? - help, Shift-Dir - straight line, f - you That beam is likely to hit you.
Continue anyway? [Y]es or [N]o only, please.
That beam is likely to hit you.
Continue anyway? [Y]es or [N]o only, please.
That beam is likely to hit you.
Continue anyway? [Y]es or [N]o only, please.
That beam is likely to hit you.
Continue anyway?
Okay, then.
Aiming: Quicksilver Bolt
Press: ? - help, Shift-Dir - straight line Something hits you but does no damage.
Unknown command.
Aiming: Quicksilver Bolt
Press: ? - help, Shift-Dir - straight line Something hits you.
* * * LOW HITPOINT WARNING * * *
Unknown command.
Aiming: Quicksilver Bolt
Press: ? - help, Shift-Dir - straight line Something hits you.
You die...
Your body crumbles into a pile of gold.

...###...###...#.#
#.# ..## +#.#+
##..#.# #.# .##
#.# ##.#.# #.# .#
#.# #.#.###.### .#
.^. #.#.......# .#
....####.#.###.#.#
..
........#.....#.#
..
......$..#####.#
## #.......@#
#.### #.......{###
#...# #.###..#.. .
#.#.# .
#..#####.#.#.#
.... ###.#.#.#
####. #<#...#.# #.
##.###.#.###
#......#...#
#.#######.###.#


There were no monsters in sight!

Vanquished Creatures
  A sky beast (D:6)
  A black bear (D:4)
  A centaur (D:7)
  2 howler monkeys
  2 jellies
  2 hounds
  4 orc priests
  A gnoll bouda (D:4)
  2 iguanas
  5 orc wizards
  7 adders
  12 gnolls (D:4)
  3 white imps
  An ufetubus (D:7)
  2 worms
  4 dart slugs
  20 orcs
  7 endoplasms
  5 giant cockroaches
  8 goblins
  6 hobgoblins
  4 jackals
  8 kobolds
  2 quokkas
  5 ball pythons
  A bat (D:1)
  3 rats
119 creatures vanquished.

Vanquished Creatures (collateral kills)
  A hound (D:6)
  An orc priest (D:5)
  An orc wizard (D:6)
  10 orcs
13 creatures vanquished.

Vanquished Creatures (others)
  An ice beast (D:6)
  An orc wizard (D:5)
2 creatures vanquished.

Grand Total: 134 creatures vanquished

Notes
Turn   | Place    | Note
-------+----------+-------------------------------------------
     0 | D:1      | H0rd4k the Octopode Artificer began the quest for the Orb.
     0 | D:1      | Reached XP level 1. HP: 13/13 MP: 1/1
   166 | D:1      | Reached XP level 2. HP: 6/18 MP: 2/2
   607 | D:1      | Reached XP level 3. HP: 22/23 MP: 3/3
  1344 | D:2      | Reached skill level 2 in Stealth
  1363 | D:2      | Reached skill level 1 in Unarmed Combat
  1747 | D:3      | Reached XP level 4. HP: 13/28 MP: 4/4
  2105 | D:3      | Reached skill level 3 in Stealth
  2130 | D:3      | Reached XP level 5. HP: 19/33 MP: 5/5
  2483 | D:4      | Reached skill level 4 in Stealth
  2682 | D:4      | Reached XP level 6. HP: 36/38 MP: 6/6
  3072 | D:4      | Reached skill level 5 in Stealth
  3199 | D:4      | Reached XP level 7. HP: 43/43 MP: 7/7
  3237 | D:4      | Reached skill level 6 in Stealth
  3438 | D:5      | Entered Level 5 of the Dungeon
  4022 | D:5      | Found a staircase to the Ecumenical Temple.
  4046 | Temple   | Entered the Ecumenical Temple
  4344 | D:6      | Reached skill level 5 in Unarmed Combat
  4351 | D:6      | Found an opulent altar of Gozag.
  4359 | D:6      | Became a worshipper of Gozag Ym Sagoz the Greedy
  4515 | D:6      | Reached skill level 7 in Stealth
  4515 | D:6      | Reached XP level 8. HP: 42/49 MP: 8/8
  4631 | D:6      | Found Biameo's Distillery.
  4716 | D:6      | Noticed a wyvern
  4721 | D:6      | Identified the +1 robe "Uhitiq" {Drain MP+9 Str+8}
  4870 | D:7      | Noticed a yak
  5455 | D:7      | Reached skill level 1 in Spellcasting
  5546 | D:7      | Noticed a yak
  5601 | D:7      | HP: 2/50 [something (4)]
  5602 | D:7      | Slain by an orc

Illustrated notes

Levels and vault maps discovered:
D:1:      minmay_arrival_jagged, layout_loops_ring, minmay_misc_feat_doors,
          minmay_tetromino_s2
D:2:      layout_basic
D:3:      minmay_angry_zag, layout_rooms, minmay_misc_feat_rugged
D:4:      layout_loops_corners
D:5:      layout_rooms, minmay_temple_entry_waves
D:6:      layout_basic, grunt_gozag_breadcrumbs, serial_shops,
          nicolae_lakefront_shop
D:7:      cheibrodos_barr_body, layout_basic, serial_shops, shop
Temple:   nicolae_temple_bog_church

Skill      XL: |  1  2  3  4  5  6  7  8 |
---------------+-------------------------+-----
Dodging        | 3 4 |  4.2
Stealth        | 2 3 4 5 7 |  7.5
Unarmed Combat | 1 2 3 4 5 6 |  6.0
Evocations     | 4 |  4.9
Fighting       | 2 |  2.1
Spellcasting   | 1 |  1.2

Action                     |  1- 3 |  4- 6 |  7- 9 || total
---------------------------+-------+-------+-------++-------
  Melee: Unarmed           |    88 |   122 |   110 ||   320
         Constrict         |    21 |    32 |    19 ||    72
         Tentacles         |    20 |    29 |    25 ||    74
         Punch             |     1 |     3 |     4 ||     8
  Evoke: Wand              |     3 |     7 |    23 ||    33
    Use: Scroll            |       |       |     2 ||     2
   Stab: Sleeping          |     9 |    12 |     2 ||    23
         Distracted        |       |     1 |       ||     1
         Confused          |       |       |     1 ||     1
 Armour: Skin              |     4 |    24 |    34 ||    62
  Dodge: Dodged            |    36 |    57 |    56 ||   149
